APP
BOSTON (APP) RED SOX @ BURLINGTON ROYALS
10/22/2049
 
TOP OF THE 1ST
Princeton Rays batting - Pitching for Detroit (APP) Tigers : RHP Tim Blanchard
Pitching: RHP Tim Blanchard
Batting: LHB Jason McCamey 0-0: Called Strike
0-1: Ball
1-1: Foul Ball, location: 2F
1-2: Strikes out swinging
Batting: RHB Will Timmer 0-0: Ball
1-0: Ball
2-0: Ball
3-0: Called Strike
3-1: Called Strike
3-2: Foul Ball, location: 2F
3-2: Foul Ball, location: 2F
3-2: Foul Ball, location: 2F
3-2: Foul Ball, location: 2F
3-2: Fly out, F8 (Line Drive, 8LD, EV 103.8 MPH)
Batting: LHB Yasahiko Teshima 0-0: Fly out, F7 (Flyball, 7LS, EV 90.0 MPH)
Top of the 1st over - 0 runs, 0 hits, 0 errors, 0 left on base; Princeton 0 - Detroit (APP) 0
BOTTOM OF THE 1ST
Detroit (APP) Tigers batting - Pitching for Princeton Rays : RHP Jonah Syndergaard
Pitching: RHP Jonah Syndergaard
Batting: RHB Brian Bartholomew 0-0: Ball
1-0: Foul Ball, location: 2F
1-1: Fly out, F7 (Flyball, 78S, EV 78.8 MPH)
Batting: RHB Raul Villa 0-0: Ball
1-0: Ball
2-0: Foul Ball, location: 2F
2-1: Called Strike
2-2: Ball
3-2: Strikes out swinging
Batting: RHB Drew Shamis 0-0: Called Strike
0-1: Foul Ball, location: 2F
0-2: Strikes out swinging
Bottom of the 1st over - 0 runs, 0 hits, 0 errors, 0 left on base; Princeton 0 - Detroit (APP) 0
TOP OF THE 2ND
Princeton Rays batting - Pitching for Detroit (APP) Tigers : RHP Tim Blanchard
Batting: RHB Hugo Bautista 0-0: Ball
1-0: Called Strike
1-1: Foul Ball, location: 2F
1-2: Fly out, F8 (Line Drive, 8RM, EV 90.0 MPH)
Batting: SHB Tristan Dearing 0-0: Ball
1-0: Swinging Strike
1-1: Foul Ball, location: 2F
1-2: Fly out, F4 (Flyball, 34D, EV 85.6 MPH)
Batting: RHB Lucas Burhil 0-0: Ball
1-0: Swinging Strike
1-1: Foul Ball, location: 2F
1-2: Fly out, F8 (Flyball, 8RS, EV 79.4 MPH)
Top of the 2nd over - 0 runs, 0 hits, 0 errors, 0 left on base; Princeton 0 - Detroit (APP) 0
BOTTOM OF THE 2ND
Detroit (APP) Tigers batting - Pitching for Princeton Rays : RHP Jonah Syndergaard
Batting: RHB Mark Williamson 0-0: Called Strike
0-1: Ball
1-1: Ball
2-1: Fly out, F8 (Line Drive, 8LD, EV 95.0 MPH)
Batting: RHB Danny Doster 0-0: Called Strike
0-1: Ground out 4-3 (Groundball, 4, EV 101.3 MPH)
Batting: LHB Mike Elliott 0-0: Ball
1-0: Called Strike
1-1: Called Strike
1-2: SINGLE (Flyball, 8RS, EV 88.1 MPH)
Batting: RHB Mike Pollock 0-0: Ball
1-0: Called Strike
1-1: Called Strike
1-2: Strikes out looking
Bottom of the 2nd over - 0 runs, 1 hit, 0 errors, 1 left on base; Princeton 0 - Detroit (APP) 0
TOP OF THE 3RD
Princeton Rays batting - Pitching for Detroit (APP) Tigers : RHP Tim Blanchard
Batting: RHB Eric Bushey 0-0: Called Strike
0-1: Foul Ball, location: 2F
0-2: Ball
1-2: Ball
2-2: Ball
3-2: Strikes out swinging
Batting: RHB Andy Torres 0-0: Ground out 6-3 (Groundball, 6M, EV 79.4 MPH)
Batting: RHB Jimmy Hammertime 0-0: Called Strike
0-1: Called Strike
0-2: Fly out, F9 (Flyball, 89S, EV 95.6 MPH)
Top of the 3rd over - 0 runs, 0 hits, 0 errors, 0 left on base; Princeton 0 - Detroit (APP) 0
BOTTOM OF THE 3RD
Detroit (APP) Tigers batting - Pitching for Princeton Rays : RHP Jonah Syndergaard
Batting: RHB Mike Ivanov 0-0: Ball
1-0: Called Strike
1-1: Ball
2-1: Ground out 2-3 (Groundball, 15S, EV 66.3 MPH)
Batting: LHB Bryan Heiner 0-0: Ball
1-0: Ground out 6-3 (Groundball, 6, EV 76.3 MPH)
Batting: RHB Brian Bartholomew 0-0: Ball
1-0: Called Strike
1-1: Foul Ball, location: 2F
1-2: Ball
2-2: Ground out 4-3 (Groundball, 4S, EV 81.3 MPH)
Bottom of the 3rd over - 0 runs, 0 hits, 0 errors, 0 left on base; Princeton 0 - Detroit (APP) 0
TOP OF THE 4TH
Princeton Rays batting - Pitching for Detroit (APP) Tigers : RHP Tim Blanchard
Batting: LHB Jason McCamey 0-0: Foul Ball, location: 2F
0-1: Ground out 4-3 (Groundball, 4, EV 96.3 MPH)
Batting: RHB Will Timmer 0-0: Foul Ball, location: 2F
0-1: Ball
1-1: Ball
2-1: Swinging Strike
2-2: Strikes out looking
Batting: LHB Yasahiko Teshima 0-0: Ball
1-0: Foul Ball, location: 2F
1-1: Called Strike
1-2: Strikes out swinging
Top of the 4th over - 0 runs, 0 hits, 0 errors, 0 left on base; Princeton 0 - Detroit (APP) 0
BOTTOM OF THE 4TH
Detroit (APP) Tigers batting - Pitching for Princeton Rays : RHP Jonah Syndergaard
Batting: RHB Raul Villa 0-0: Called Strike
0-1: Ball
1-1: Foul Ball, location: 2F
1-2: Ball
2-2: Ball
3-2: Foul Ball, location: 2F
3-2: Base on Balls
Batting: RHB Drew Shamis Balk!
Raul Villa to second
0-0: Called Strike
0-1: Swinging Strike
0-2: Strikes out swinging
Batting: RHB Mark Williamson 0-0: Ball
Raul Villa steals 3rd base
1-0: Foul Ball, location: 2F
1-1: Ball
2-1: Fly out, F9 (Flyball, 9LSF, EV 86.9 MPH)
Batting: RHB Danny Doster 0-0: Ball
Wild Pitch!
Raul Villa scores
1-0: Called Strike
1-1: Ball
2-1: Foul Ball, location: 2F
2-2: Fly out, F8 (Flyball, 8LD, EV 98.1 MPH)
Bottom of the 4th over - 1 run, 0 hits, 0 errors, 0 left on base; Princeton 0 - Detroit (APP) 1
TOP OF THE 5TH
Princeton Rays batting - Pitching for Detroit (APP) Tigers : RHP Tim Blanchard
Batting: RHB Hugo Bautista 0-0: Ball
1-0: Foul Ball, location: 2F
1-1: Fly out, F8 (Flyball, 89D, EV 103.8 MPH)
Batting: SHB Tristan Dearing 0-0: Ball
1-0: Ball
2-0: Foul Ball, location: 2F
2-1: Called Strike
2-2: Ball
3-2: Strikes out swinging
Batting: RHB Lucas Burhil 0-0: Called Strike
0-1: Foul Ball, location: 2F
0-2: Ball
1-2: Foul Ball, location: 2F
1-2: Foul Ball, location: 2F
1-2: Strikes out swinging
Top of the 5th over - 0 runs, 0 hits, 0 errors, 0 left on base; Princeton 0 - Detroit (APP) 1
BOTTOM OF THE 5TH
Detroit (APP) Tigers batting - Pitching for Princeton Rays : RHP Jonah Syndergaard
Batting: LHB Mike Elliott 0-0: Swinging Strike
0-1: Fly out, F9 (Flyball, 89S, EV 80.0 MPH)
Batting: RHB Mike Pollock 0-0: Called Strike
0-1: Called Strike
0-2: Ball
1-2: Foul Ball, location: 2F
1-2: Strikes out swinging
Batting: RHB Mike Ivanov 0-0: Ball
1-0: Ground out 6-3 (Groundball, 6, EV 86.3 MPH)
Bottom of the 5th over - 0 runs, 0 hits, 0 errors, 0 left on base; Princeton 0 - Detroit (APP) 1
TOP OF THE 6TH
Princeton Rays batting - Pitching for Detroit (APP) Tigers : RHP Tim Blanchard
Batting: RHB Eric Bushey 0-0: Called Strike
0-1: Called Strike
0-2: Strikes out swinging
Batting: RHB Andy Torres 0-0: Ball
1-0: Called Strike
1-1: Ball
2-1: Foul Ball, location: 2F
2-2: Foul Ball, location: 2F
2-2: Strikes out swinging, 2-3 out at first.
Batting: RHB Jimmy Hammertime 0-0: Ball
1-0: Foul Ball, location: 2F
1-1: Foul Ball, location: 2F
1-2: Reached on error, E5 (Groundball, 56, EV 88.1 MPH)
Batting: LHB Jason McCamey 0-0: Ball
Pickoff Throw to First - Out! 1-3
Top of the 6th over - 0 runs, 0 hits, 1 error, 0 left on base; Princeton 0 - Detroit (APP) 1
BOTTOM OF THE 6TH
Detroit (APP) Tigers batting - Pitching for Princeton Rays : RHP Jonah Syndergaard
Batting: LHB Bryan Heiner 0-0: Called Strike
0-1: Swinging Strike
0-2: Ball
1-2: Strikes out swinging
Batting: RHB Brian Bartholomew 0-0: Ball
1-0: SINGLE (Line Drive, 34, EV 99.4 MPH)
Batting: RHB Raul Villa 0-0: Ball
1-0: Called Strike
1-1: Ball
Brian Bartholomew steals 2nd base
2-1: Foul Ball, location: 2F
2-2: Ball
3-2: Strikes out swinging
Batting: RHB Drew Shamis 0-0: Ground out 6-3 (Groundball, 6, EV 85.6 MPH)
Bottom of the 6th over - 0 runs, 1 hit, 0 errors, 1 left on base; Princeton 0 - Detroit (APP) 1
TOP OF THE 7TH
Princeton Rays batting - Pitching for Detroit (APP) Tigers : RHP Tim Blanchard
Batting: LHB Jason McCamey 0-0: Foul Ball, location: 2F
0-1: Ground out 6-3 (Groundball, 6, EV 91.3 MPH)
Batting: RHB Will Timmer 0-0: Foul Ball, location: 2F
0-1: SINGLE (Line Drive, 89M, EV 108.1 MPH)
Batting: LHB Yasahiko Teshima 0-0: Ball
1-0: Fielders Choice at 2nd, 4-6 (Groundball, 34, EV 106.3 MPH)
Batting: RHB Hugo Bautista 0-0: Ball
1-0: Foul Ball, location: 2F
1-1: Foul Ball, location: 2F
1-2: Strikes out swinging
Top of the 7th over - 0 runs, 1 hit, 0 errors, 1 left on base; Princeton 0 - Detroit (APP) 1
BOTTOM OF THE 7TH
Detroit (APP) Tigers batting - Pitching for Princeton Rays : RHP Jonah Syndergaard
Batting: RHB Mark Williamson 0-0: Foul Ball, location: 2F
0-1: Foul Ball, location: 2F
0-2: Strikes out looking
Batting: RHB Danny Doster 0-0: Foul Ball, location: 2F
0-1: Foul Ball, location: 2F
0-2: Foul Ball, location: 2F
0-2: Fly out, F4 (Line Drive, 4, EV 76.3 MPH)
Batting: LHB Mike Elliott 0-0: Called Strike
0-1: Called Strike
0-2: Ball
1-2: Foul Ball, location: 2F
1-2: Foul Ball, location: 2F
1-2: Strikes out swinging
Bottom of the 7th over - 0 runs, 0 hits, 0 errors, 0 left on base; Princeton 0 - Detroit (APP) 1
TOP OF THE 8TH
Princeton Rays batting - Pitching for Detroit (APP) Tigers : RHP Tim Blanchard
Batting: SHB Tristan Dearing 0-0: Called Strike
0-1: Fly out, F7 (Flyball, 7LMF, EV 93.8 MPH)
Batting: RHB Lucas Burhil 0-0: Ball
1-0: Fly out, F8 (Line Drive, 8RD, EV 99.4 MPH)
Batting: RHB Eric Bushey 0-0: Ball
1-0: Ball
2-0: Called Strike
2-1: Ground out 6-3 (Groundball, 56, EV 90.0 MPH)
Top of the 8th over - 0 runs, 0 hits, 0 errors, 0 left on base; Princeton 0 - Detroit (APP) 1
BOTTOM OF THE 8TH
Detroit (APP) Tigers batting - Pitching for Princeton Rays : RHP Jonah Syndergaard
Pitching: LHP Israel Benchio
Batting: RHB Mike Pollock 0-0: Ball
1-0: Swinging Strike
1-1: Foul Ball, location: 2F
1-2: Ball
2-2: Foul Ball, location: 2F
2-2: Foul Ball, location: 2F
2-2: Foul Ball, location: 2F
2-2: Foul Ball, location: 2F
2-2: Ground out 4-3 (Groundball, 4S, EV 87.5 MPH)
Batting: RHB Mike Ivanov 0-0: Ball
1-0: Ball
2-0: Called Strike
2-1: Foul Ball, location: 2F
2-2: Foul Ball, location: 2F
2-2: Strikes out swinging
Batting: LHB Bryan Heiner 0-0: Called Strike
0-1: Ball
1-1: Ball
2-1: Foul Ball, location: 2F
2-2: Foul Ball, location: 2F
2-2: Foul Ball, location: 2F
2-2: Ball
3-2: Strikes out looking
Bottom of the 8th over - 0 runs, 0 hits, 0 errors, 0 left on base; Princeton 0 - Detroit (APP) 1
TOP OF THE 9TH
Princeton Rays batting - Pitching for Detroit (APP) Tigers : RHP Tim Blanchard
Pitching: LHP Dan Okerlund
Pinch Hitting: RHB Orlando Herrera 0-0: Called Strike
0-1: Ground out 6-3 (Groundball, 56S, EV 74.4 MPH)
Batting: RHB Jimmy Hammertime 0-0: Foul Ball, location: 2F
0-1: Foul Ball, location: 2F
0-2: Ball
1-2: Foul Ball, location: 2F
1-2: Foul Ball, location: 2F
1-2: Strikes out swinging
Pinch Hitting: RHB Bill Gomez 0-0: Ball
1-0: Ground out 5-3 (Groundball, 56, EV 91.9 MPH)
Top of the 9th over - 0 runs, 0 hits, 0 errors, 0 left on base; Princeton 0 - Detroit (APP) 1
Sunday, July 16th , 2023 - OOTP Baseball 24.6 Build 69